 Dungeon Crawl Stone Soup version 0.21-a0-264-g3e31e41 (webtiles) character file.

555 JackS81 the Cudgeler (level 7, -1/62 HPs)
             Began as a Naga Berserker on Sept 10, 2017.
             Was a Priest of Trog.
             Slain by a river rat (6 damage)
             ... on level 4 of the Dungeon.
             The game lasted 00:12:47 (3112 turns).

JackS81 the Cudgeler (Naga Berserker)               Turns: 3112, Time: 00:12:47

Health: -1/62      AC:  7    Str: 20    XL:     7   Next: 30%
Magic:  7/7        EV:  6    Int:  8    God:    Trog [***...]
Gold:   190        SH:  6    Dex: 11    Spells: 6/6 levels left

rFire    . . .     SeeInvis +   q - +0 whip
rCold    . . .     Gourm    .   n - +2 buckler
rNeg     . . .     Faith    .   l - +0 chain mail
rPois    +         Spirit   .   E - +0 helmet
rElec    .         Reflect  .   (no cloak)
rCorr    .         Harm     .   (no gloves)
MR       ++...                  (no barding)
Stlth    ..........             (no amulet)
HPRegen  1.20/turn              (no ring)
MPRegen  0.10/turn              (no ring)

@: regenerating, very slow
A: see invisible, deformed body, poison resistance, slowness 2, slow metabolism
1, spit poison 1, AC +2
a: Spit Poison, Berserk, Trog's Hand, Burn Spellbooks, Renounce Religion


You were on level 4 of the Dungeon.
You worshipped Trog.
Trog was most pleased with you.
You were hungry.

You visited 1 branch of the dungeon, and saw 4 of its levels.

You collected 190 gold pieces.

Inventory:

Hand Weapons
 a - a +0 mace
 q - a +0 whip (weapon)
 x - a +2 dagger of speed
 F - a +0 blowgun
Missiles
 j - 17 poisoned needles
 k - 33 bolts
 o - 101 stones (quivered)
Armour
 b - a +0 animal skin
 i - a +0 leather armour
 l - a +0 chain mail (worn)
 m - a +0 scale mail
 n - a +2 buckler (worn)
 E - a +0 helmet (worn)
Jewellery
 p - an uncursed amulet of harm {unknown}
Scrolls
 g - a scroll of remove curse {unknown}
 r - a scroll of enchant weapon {unknown}
 s - 2 scrolls of teleportation {unknown}
 t - 6 scrolls of identify {unknown}
 u - a scroll of blinking {unknown}
 v - 2 scrolls of amnesia {unknown}
 w - a scroll of fog {unknown}
 y - a scroll of enchant armour {unknown}
 B - a scroll of magic mapping {unknown}
Potions
 e - 2 potions of curing
 h - a potion of mutation {unknown}
 z - a potion of degeneration {unknown}
 A - a potion of haste {unknown}
 G - 2 potions of heal wounds {unknown}
Comestibles
 c - 3 bread rations
 d - 2 fruits
 f - 2 meat rations
 C - 2 chunks of flesh


   Skills:
 - Level 3.0 Fighting
 * Level 7.1 Maces & Flails
 - Level 1.5 Armour
 - Level 1.5 Dodging
 * Level 3.0 Shields


You had 6 spell levels left.
You didn't know any spells.

Dungeon Overview and Level Annotations

Branches:
Dungeon (4/15)
 Temple: D:4-7

Altars:
Kikubaaqudgha


Innate Abilities, Weirdness & Mutations

You cannot wear boots.
Your serpentine skin is tough. (AC +2)
You have supernaturally acute eyesight. (SInv)
Armour fits poorly on your strangely shaped body.
Your system is resistant to poisons. (rPois)
You cover ground very slowly.
You have a slow metabolism.
You can spit poison.


Message History

* * * LOW HITPOINT WARNING * * *
You closely miss the river rat.
The river rat is lightly wounded.
You hit the river rat.
The river rat is moderately wounded.
The river rat bites you.
* * * LOW HITPOINT WARNING * * *
The river rat bites you but does no damage.
You closely miss the river rat.
The river rat is moderately wounded.
You block the river rat's attack. The river rat bites you.
* * * LOW HITPOINT WARNING * * *
You whack the river rat!
The river rat is almost dead.
The river rat bites you but does no damage.
Your skin crawls.
You feel resistant to hostile enchantments.
You are feeling hungry.
The river rat barely misses you. The river rat bites you.
You die...

#≈ ≈ r## ≈≈# ##r#
≈≈# # ####≈#≈#
###### #@r≈≈≈≈#
..>... #r#########
......##≈≈≈≈≈≈≈≈≈#
#.......####≈#≈#≈≈#
#.........≈≈≈≈≈.≈.#
...?..#....≈......#
... #...........#
#.# #.####.###..#
#..##.# ... ##


You could see 2 river rats.

Vanquished Creatures
  The ghost of loom the Firebug, an amateur DrFE (D:4)
  A phantom (D:4)
  A bullfrog (D:4)
  8 adders
  A river rat (D:4)
  An ooze (D:3)
  6 worms
  3 dart slugs
  5 leopard geckos
  An orc (D:3)
  9 giant cockroaches
  8 goblins
  6 hobgoblins
  11 jackals
  9 kobolds
  3 quokkas
  2 ball pythons
  8 bats
  3 frilled lizards
  10 rats
97 creatures vanquished.

Notes
Turn   | Place    | Note
-------+----------+-------------------------------------------
     0 | D:1      | JackS81 the Naga Berserker began the quest for the Orb.
     0 | D:1      | Reached XP level 1. HP: 21/21 MP: 1/1
   110 | D:1      | Reached XP level 2. HP: 15/28 MP: 2/2
   660 | D:1      | Reached skill level 4 in Maces & Flails
   677 | D:1      | Reached XP level 3. HP: 17/34 MP: 3/3
   979 | D:2      | Found an ancient bone altar of Kikubaaqudgha.
  1128 | D:2      | Reached ** piety under Trog
  1395 | D:2      | Reached XP level 4. HP: 36/42 MP: 4/4
  1620 | D:2      | Reached skill level 1 in Shields
  2018 | D:3      | Reached skill level 5 in Maces & Flails
  2193 | D:3      | Reached XP level 5. HP: 38/49 MP: 5/5
  2371 | D:3      | Reached *** piety under Trog
  2818 | D:4      | Noticed loom's ghost (amateur DrFE)
  2831 | D:4      | Killed loom's ghost
  2831 | D:4      | Reached skill level 6 in Maces & Flails
  2831 | D:4      | Reached XP level 6. HP: 16/56 MP: 6/6
  2933 | D:4      | Noticed a phantom
  3022 | D:4      | Killed a phantom
  3022 | D:4      | Reached skill level 7 in Maces & Flails
  3022 | D:4      | Reached XP level 7. HP: 30/62 MP: 7/7
  3112 | D:4      | Slain by a river rat

Vault maps used:
D:1:      dpeg_arrival_orchard, dk_noncrumbling_2
D:2:      kennysheep_big_flooded_room, overflow_temple_1_default
D:4:      minitemple, serial_glass, glass_columns_b, glass_columns_a,
          first_bread, lightli_sewer_entry_pipes

Skill      XL: |  1  2  3  4  5  6 |
---------------+-------------------+-----
Maces & Flails | 4 5 6 7 |  7.1
Shields        | 1 2 3 |  3.0
Fighting       | |  3.0
Armour         | |  1.5
Dodging        | |  1.5

Action                   |  1- 3 |  4- 6 |  7- 9 || total
-------------------------+-------+-------+-------++-------
Melee: Mace              |    72 |       |       ||    72
       Whip              |   103 |   330 |    37 ||   470
Throw: Stone             |       |     2 |       ||     2
Invok: Berserk           |       |     2 |     1 ||     3
       Trog's Hand       |       |     2 |     2 ||     4
       Burn Spellbooks   |       |       |     2 ||     2
  Use: Potion            |       |     1 |     1 ||     2
  Eat: Chunk             |     1 |     6 |     3 ||    10
Armor: Animal skin       |     3 |       |       ||     3
       Chain mail        |    61 |   135 |    14 ||   210
       Leather armour    |     1 |       |       ||     1
Dodge: Dodged            |    46 |    65 |     9 ||   120
Block: Buckler           |    38 |    84 |    11 ||   133

Table legend:
 A = Spawn XP
 B = Non-spawn XP
 C = Spawn XP percentage of total XP
 D = Spawn monster count
 E = Non-spawn monster count
 F = Spawn count percentage of total count
 G = Total turns spent on level
                    A         B        C        D         E        F      G
               +---------+---------+-------+---------+---------+-------+---------
         Total |       0 |     793 |   0.0 |       0 |      97 |   0.0 |  3112
               +---------+---------+-------+---------+---------+-------+---------
           D:1 |       0 |      40 |   0.0 |       0 |      25 |   0.0 |   928
           D:2 |       0 |      90 |   0.0 |       0 |      29 |   0.0 |  1075
           D:3 |       0 |      80 |   0.0 |       0 |      26 |   0.0 |   776
           D:4 |       0 |     583 |   0.0 |       0 |      17 |   0.0 |   333
               +---------+---------+-------+---------+---------+-------+---------
